 Dungeon Sprint DCSS version 0.16.1-28-gcc2312f (webtiles) character file.

2543 Kidiri the Thaumaturge (level 9, -14/63 HPs)
             Began as a High Elf Fire Elementalist on May 28, 2015.
             Was a High Priest of Vehumet.
             Demolished by a shadow wraith (19 damage)
             ... in the Dungeon (Sprint VII: "The Pits").
             The game lasted 00:19:54 (2399 turns).

Kidiri the Thaumaturge (High Elf Fire Elementalist) Turns: 2399, Time: 00:19:56

Health: -14/63     AC:  4    Str:  7      XL:     9   Next: 30%
Magic:  23/29      EV: 20    Int: 23 (25) God:    Vehumet [*****.]
Gold:   0          SH:  0    Dex: 17      Spells: 8 memorised, 4 levels left

rFire  . . .     SeeInvis .     i - +2 scimitar (holy)
rCold  . . .     Clarity  .     a - +0 robe
rNeg   . . .     SustAb   .     (no shield)
rPois  .         Gourm    .     x - +0 helmet
rElec  .         Spirit   .     (no cloak)
rCorr  .         Warding  .     y - +0 pair of gloves
rMut   .         NoTele   +     (no boots)
MR     .....                    (no amulet)
Stlth  ++++......               s - +3 ring of evasion
                                r - +3 ring of intelligence

@: very slightly contaminated, slowed, invisible, very slow, not resistant to
hostile enchantments, stealthy
A: no striking features
a: Renounce Religion


You were in the Dungeon.
You worshipped Vehumet.
Vehumet was extremely pleased with you.
You were not hungry.

You visited 1 branch

Inventory:

Hand weapons
 i - a +2 scimitar of holy wrath (weapon)
 j - a +2 falchion
Armour
 a - a +0 robe (worn)
 x - a +0 helmet (worn)
 y - a +0 pair of gloves (worn)
Jewellery
 r - a +3 ring of intelligence (left hand)
 s - a +3 ring of evasion (right hand)
Scrolls
 n - 3 scrolls of remove curse
 o - 5 scrolls of amnesia
 p - a scroll of summoning
Potions
 d - 7 potions of curing
 e - 5 potions of heal wounds
 f - a potion of haste
 g - 3 potions of magic
 h - 3 potions of berserk rage
 m - a potion of invisibility
 t - 2 potions of resistance
 u - a potion of restore abilities
 v - a potion of cure mutation
 w - a potion of brilliance
Books
 b - a book of Flames

   Spells                             Type                      Level
   a - Flame Tongue                   Conjuration/Fire             1
   b - Throw Flame                    Conjuration/Fire             2
   c - Conjure Flame                  Conjuration/Fire             3
   d - Inner Flame                    Hexes/Fire                   3
   e - Sticky Flame                   Conjuration/Fire             4
   f - Fireball                       Conjuration/Fire             5
Comestibles
 c - 8 bread rations
 k - 40 fruits
 l - 5 meat rations


   Skills:
 + Level 6.5 Fighting
 + Level 7.0 Long Blades
 + Level 7.3 Dodging
 + Level 8.1 Stealth
 * Level 10.3 Spellcasting
 * Level 10.1 Conjurations
 + Level 5.6 Hexes
 + Level 4.5 Transmutations
 * Level 9.9 Fire Magic


You had 4 spell levels left.
You knew the following spells:

 Your Spells              Type           Power        Failure   Level  Hunger
a - Flame Tongue          Conj/Fire      #####        1%          1    None
b - Throw Flame           Conj/Fire      ######       1%          2    None
c - Conjure Flame         Conj/Fire      ######..     1%          3    None
d - Inner Flame           Hex/Fire       #####...     1%          3    None
e - Sticky Flame          Conj/Fire      ######..     1%          4    #......
f - Searing Ray           Conj           ######       1%          2    None
g - Ignite Poison         Fire/Trmt      #####.....   2%          5    ####...
h - Iskenderun's Mystic   Conj           ######..     1%          4    #......


Dungeon Overview and Level Annotations

Branches:
Dungeon (1/1)

Altars:
Ashenzari
Cheibriados
Dithmenos
Elyvilon
Fedhas
Gozag
Kikubaaqudgha
Makhleb
Nemelex Xobeh
Okawaru
Qazlal
Ru
Sif Muna
Trog
Vehumet
Xom
Yredelemnul
Zin
The Shining One
Beogh
Jiyva
Lugonu


Message History

The sticky flame hits the goliath beetle.
The goliath beetle is moderately wounded.
The goliath beetle is covered in liquid flames!
The goliath beetle burns! x2
Something closely misses you. Something hits you!!
* * * LOW HITPOINT WARNING * * *
Something drains your vigour!
You feel as though you will be slow longer.
* * * LOW HITPOINT WARNING * * *
Drink which item? (? for menu, Esc to quit)
You feel much better.
The goliath beetle burns!
Something hits you! The goliath beetle barely misses you.
The goliath beetle burns! x2
Something hits you!
* * * LOW HITPOINT WARNING * * *
Something drains your vigour!
You feel as though you will be slow longer.
* * * LOW HITPOINT WARNING * * *
Something hits you!!
You die...

###....[.#..#......#
.##................#
'#####'#####''######
.##.......##''########
.##.......##..........
###.......##.)........
.##...<...##..#####...
.##.......##..)B).#
.##.......##..#.@.#
###.......##..#...#
)###########..#####
############...
#....#..[[##....
#....#....###'##
)....'..))# ...
#)...#...)# ...
#....#..))#


You could see a goliath beetle (wandering).

Vanquished Creatures
  A vampire mage (D)
  A blue devil (D)
  A giant leech (D)
  A boulder beetle (D)
  A flying skull (D)
  3 deep elf fighters (D)
  An ice beast (D)
  A centaur (D)
  An ogre (D)
  A big kobold (D)
  2 brain worms (D)
  A giant frog (D)
  A gnoll sergeant (D)
  A jelly (D)
  2 worker ants (D)
  7 gnolls (D)
  A giant mite (D)
  2 worms (D)
  A giant eyeball (D)
  An ooze (D)
  An orc (D)
  3 ball pythons (D)
35 creatures vanquished.

Vanquished Creatures (others)
  A gnoll sergeant (D)
1 creature vanquished.

Grand Total: 36 creatures vanquished

Notes
Turn   | Place    | Note
--------------------------------------------------------------
     0 | D        | Kidiri, the High Elf Fire Elementalist, began the quest for the Orb.
     0 | D        | Reached XP level 1. HP: 11/11 MP: 4/4
    17 | D        | Reached skill level 1 in Fighting
    17 | D        | Reached XP level 2. HP: 15/18 MP: 0/7
    37 | D        | Found a sacrificial altar of Ru.
    37 | D        | Found a basalt altar of Yredelemnul.
    37 | D        | Found a shadowy altar of Dithmenos.
    37 | D        | Found a deep blue altar of Sif Muna.
    37 | D        | Found a burning altar of Makhleb.
    37 | D        | Found a shimmering altar of Xom.
    37 | D        | Found an ancient bone altar of Kikubaaqudgha.
    37 | D        | Found a sparkling altar of Nemelex Xobeh.
    38 | D        | Found a glowing golden altar of the Shining One.
    38 | D        | Found a bloodstained altar of Trog.
    38 | D        | Found a shattered altar of Ashenzari.
    38 | D        | Found a white marble altar of Elyvilon.
    38 | D        | Found a snail-covered altar of Cheibriados.
    38 | D        | Found a blossoming altar of Fedhas.
    38 | D        | Found a radiant altar of Vehumet.
    38 | D        | Found a glowing silver altar of Zin.
    38 | D        | Found a corrupted altar of Lugonu.
    38 | D        | Found a viscous altar of Jiyva.
    38 | D        | Found a roughly hewn altar of Beogh.
    38 | D        | Found an iron altar of Okawaru.
    44 | D        | Found a stormy altar of Qazlal.
    45 | D        | Found an opulent altar of Gozag.
    48 | D        | Became a worshipper of Vehumet
    52 | D        | Learned a level 2 spell: Throw Flame
    86 | D        | Noticed a brain worm
    91 | D        | Killed a brain worm
    91 | D        | Reached skill level 4 in Spellcasting
    91 | D        | Reached XP level 3. HP: 17/25 MP: 4/12
    91 | D        | Reached XP level 4. HP: 20/30 MP: 5/15
   208 | D        | Learned a level 3 spell: Conjure Flame
   212 | D        | Learned a level 3 spell: Inner Flame
   212 | D        | Noticed a worker ant
   221 | D        | Killed a worker ant
   221 | D        | Acquired Vehumet's first power
   221 | D        | Offered knowledge of Sandblast by Vehumet.
   221 | D        | Reached skill level 5 in Spellcasting
   221 | D        | Reached skill level 5 in Fire Magic
   227 | D        | Learned a level 4 spell: Sticky Flame
   298 | D        | Noticed a worker ant
   300 | D        | Paralysed by a giant eyeball for 4 turns
   305 | D        | Killed a worker ant
   305 | D        | Reached skill level 1 in Long Blades
   305 | D        | Reached skill level 5 in Conjurations
   308 | D        | Paralysed by a giant eyeball for 2 turns
   310 | D        | Reached XP level 5. HP: 25/36 MP: 5/18
   401 | D        | Offered knowledge of Searing Ray by Vehumet.
   405 | D        | Learned a level 2 spell: Searing Ray
   468 | D        | Noticed a giant frog
   473 | D        | Killed a giant frog
   473 | D        | Offered knowledge of Dazzling Spray by Vehumet.
   473 | D        | Reached skill level 6 in Spellcasting
   473 | D        | Reached skill level 1 in Hexes
   528 | D        | Acquired Vehumet's second power
   541 | D        | Noticed a deep elf fighter
   541 | D        | Noticed a brain worm
   596 | D        | Killed a deep elf fighter
   596 | D        | Offered knowledge of Olgreb's Toxic Radiance by Vehumet.
   596 | D        | Reached skill level 5 in Dodging
   596 | D        | Reached skill level 5 in Stealth
   596 | D        | Reached skill level 7 in Spellcasting
   596 | D        | Reached XP level 6. HP: 25/43 MP: 8/22
   746 | D        | Killed a brain worm
   746 | D        | Acquired Vehumet's third power
   893 | D        | Noticed a deep elf fighter
   896 | D        | Killed a deep elf fighter
   896 | D        | Reached XP level 7. HP: 43/49 MP: 17/24
   961 | D        | Offered knowledge of Ignite Poison by Vehumet.
   968 | D        | Learned a level 5 spell: Ignite Poison
  1070 | D        | Noticed an ice beast
  1070 | D        | Noticed a deep elf fighter
  1070 | D        | Noticed a gnoll sergeant
  1078 | D        | Killed a deep elf fighter
  1078 | D        | Reached skill level 8 in Spellcasting
  1078 | D        | Reached skill level 1 in Transmutations
  1085 | D        | Killed a gnoll sergeant
  1085 | D        | Reached skill level 5 in Fighting
  1087 | D        | Killed an ice beast
  1163 | D        | Noticed a big kobold
  1163 | D        | Noticed a centaur
  1163 | D        | Noticed a blue devil
  1173 | D        | Killed a centaur
  1173 | D        | Killed a blue devil
  1173 | D        | Offered knowledge of Iskenderun's Mystic Blast by Vehumet.
  1173 | D        | Reached skill level 5 in Long Blades
  1173 | D        | Reached XP level 8. HP: 40/55 MP: 8/27
  1177 | D        | Killed a big kobold
  1177 | D        | Reached skill level 9 in Spellcasting
  1364 | D        | Learned a level 4 spell: Iskenderun's Mystic Blast
  1433 | D        | Noticed an ogre
  1437 | D        | Noticed a jelly
  1440 | D        | Killed a jelly
  1445 | D        | Killed an ogre
  1451 | D        | Noticed a flying skull
  1451 | D        | Noticed a boulder beetle
  1452 | D        | Noticed a gnoll sergeant
  1457 | D        | Killed a gnoll sergeant
  1464 | D        | Noticed a vampire mage
  1630 | D        | Killed a boulder beetle
  1640 | D        | Offered knowledge of Bolt of Magma by Vehumet.
  1762 | D        | Killed a flying skull
  1762 | D        | Reached skill level 5 in Hexes
  2036 | D        | Noticed a giant leech
  2058 | D        | Killed a giant leech
  2134 | D        | Killed a vampire mage
  2134 | D        | Reached skill level 10 in Spellcasting
  2134 | D        | Reached skill level 10 in Conjurations
  2134 | D        | Reached XP level 9. HP: 19/63 MP: 23/29
  2384 | D        | Noticed a goliath beetle
  2399 | D        | Demolished by a shadow wraith

Action                   |  1- 3 |  4- 6 |  7- 9 || total
-------------------------+-------+-------+-------++-------
Melee: Falchion          |     1 |     1 |     3 ||     5
       Scimitar          |       |       |    13 ||    13
 Cast: Flame Tongue      |     7 |    29 |    29 ||    65
       Throw Flame       |       |    11 |    10 ||    21
       Conjure Flame     |       |     4 |     8 ||    12
       Sticky Flame      |       |     4 |    11 ||    15
       Inner Flame       |       |       |     5 ||     5
       Searing Ray       |       |       |     2 ||     2
  Use: Potion            |       |     1 |     7 ||     8
       Scroll            |       |       |     1 ||     1
  Eat: Meat ration       |       |       |     2 ||     2
